Cogmind - Beta 14 @@@ ROGUE MODE // 2024.10.17 @ 01:58:59 Player: Destravous Result: Destroyed by Y-45 Defender with Heavy Assault Rifle Performance ------------- Evolutions (1) 500 Regions Visited (2) 400 Robots Destroyed (43) 215 Value Destroyed (1056) 1056 Prototype IDs (5) 100 Alien Tech Used (0) 0 Bonus (147) 147 TOTAL SCORE: 2418 Bonus ------- High Alert Combat Kills 147 Cogmind --------- Core Integrity 0/400 Matter 93/300 Energy 275/280 System Corruption 1% Temperature Cool (21) Movement Flying (37) Location -9/Materials Parts ------- > --- POWER (1) -------- Cooled Ion Engine > --- PROPULSION (3) --- Flight Unit Improved Flight Unit > --- UTILITY (3) ------ Small Storage Unit Weight Redist. System Terrain Scan Processor > --- WEAPON (2) ------- (None) > --- INVENTORY (8) ---- Cooled Ion Engine Flight Unit Flight Unit Heat Sink Terrain Scanner Heavy Assault Rifle Rocket Launcher Mining Laser Peak State ------------ > --- POWER ------------ Cooled Ion Engine > --- PROPULSION ------- Light Treads Light Treads Light Treads > --- UTILITY ---------- Small Storage Unit Terrain Scanner Terrain Scan Processor > --- WEAPON ----------- Advanced Beam Cannon Advanced Beam Cannon > --- INVENTORY -------- Cooled Ion Engine Flight Unit Flight Unit Flight Unit Flight Unit Advanced Beam Cannon Rocket Launcher Mining Laser [Rating: 17] Favorites ----------- Power Cooled Ion Engine Engine Cooled Ion Engine Power Core Light Nuclear Core Propulsion Aluminum Leg Treads Light Treads Leg Aluminum Leg Flight Unit Flight Unit Utility Small Storage Unit Device Terrain Scanner Storage Small Storage Unit Processor Terrain Scan Processor Weapon Advanced Beam Cannon Energy Gun EM Pulse Gun Energy Cannon Advanced Beam Cannon Ballistic Gun Assault Rifle Launcher Rocket Launcher Special Weapon Mining Laser Build | -11 -10 -9 ------- Run | Yrd Mat Mat Slots Evolved 2 | . . 2 Power . | . . . Propulsion 1 | . . 1 Utility 1 | . . 1 Weapon . | . . . Parts Attached 43 | . 2 41 Power 5 | . . 5 Engine 3 | . . 3 Core 2 | . . 2 Reactor . | . . . Propulsion 10 | . . 10 Treads 7 | . . 7 Leg . | . . . Wheel . | . . . Hover . | . . . Flight 3 | . . 3 Utility 6 | . 1 5 Device 5 | . 1 4 Storage . | . . . Processor 1 | . . 1 Hackware . | . . . Protection . | . . . Artifact . | . . . Weapon 22 | . 1 21 Energy Gun 1 | . 1 . Energy Cannon 8 | . . 8 Ballistic Gun 5 | . . 5 Ballistic Cannon . | . . . Launcher 2 | . . 2 Special Weapon 6 | . . 6 Impact Weapon . | . . . Slashing Weapon . | . . . Piercing Weapon . | . . . Special Melee Weapon . | . . . Unidentified Prototypes 3 | . . 3 Parts Lost 8 | . . 8 Power 2 | . . 2 Propulsion 4 | . . 4 Utility . | . . . Weapon 2 | . . 2 Highest Loss Streak 2 | . . 2 To Critical Strikes 1 | . . 1 Average Slot Usage (%) 77 | . 80 77 Engine 6 | . 14 5 Core 1 | . . 2 Treads 9 | . . 10 Leg 10 | . 28 8 Flight 1 | . . 1 Device 9 | . 2 10 Storage 11 | . 14 11 Processor 6 | . . 7 Energy Gun 1 | . 7 . Energy Cannon 10 | . . 11 Ballistic Gun 5 | . 14 4 Launcher 1 | . . 1 Special Weapon 1 | . . 1 Peak Build Rating 17 | 6 7 17 Average Rating 11 | 5 5 12 On Entrance 6 | 6 5 7 Naked Turns . | . . . Heaviest Build 22 | 11 13 22 Greatest Support 60 | 20 20 60 Greatest Overweight (x) 6 | . . 6 Average Overweight (x) . | . . . Largest Inventory Capacity 8 | 8 8 8 Average Capacity 8 | 8 8 8 Most Carried 8 | 5 4 8 Average Carried 6 | 1 2 6 Final Capacity 8 | 8 8 8 Final Carried 8 | 2 3 8 Class Distribution -------------------- 60% | Mutant 39% | Scavenger-Mutant Dominant Class ---------------- Mutant | -10/Materials Mutant | -9/Materials Resources | -11 -10 -9 ----------- Run | Yrd Mat Mat Matter Collected 851 | 203 19 629 Remotely . | . . . Salvage Created 1409 | 93 37 1279 Parts 90 | 2 2 86 Haulers Intercepted 4 | . . 4 Recyclers Shooed 1 | . . 1 Parts Field Recycled . | . . . Retrieved Matter . | . . . Parts Self-Destructed . | . . . Prevented . | . . . Kills | -11 -10 -9 ------- Run | Yrd Mat Mat Combat Hostiles Destroyed 34 | . 1 33 Guns 3 | . 1 2 Cannons 20 | . . 20 AOE 11 | . . 11 Classes Destroyed 10 | 1 1 8 Worker 1 | . . 1 Builder 1 | . . 1 Hauler 4 | . . 4 Recycler 1 | 1 . . Mechanic 1 | . . 1 Watcher 1 | . . 1 Swarmer 11 | . . 11 Grunt 15 | . 1 14 Brawler 1 | . . 1 Sentry 7 | . . 7 Best Kill Streak 8 | 1 1 8 Combat Bots Only 7 | . 1 7 Max Kills in Single Turn 3 | 1 1 3 Gunslinging . | . . . Exploded 3 | . . 3 Melee . | . . . Uniques/NPCs Destroyed . | . . . Combat | -11 -10 -9 -------- Run | Yrd Mat Mat Hostile Shots Fired 158 | . 5 153 Missed 46 | . 2 44 Damage Taken 1557 | . 64 1493 Core 428 | . 27 401 Absorbed by Shields . | . . . Core Remaining (%) 94 | 100 89 . Volleys Fired 90 | 1 3 86 Largest 2 | 2 2 2 Hottest 168 | 60 60 168 Shots Fired 167 | 2 6 159 Gun 61 | 2 6 53 Cannon 89 | . . 89 Launcher 10 | . . 10 Special 7 | . . 7 Kinetic 54 | 1 3 50 Thermal 97 | 1 . 96 Explosive 10 | . . 10 Electromagnetic 6 | . 3 3 Robot Hit Streak 14 | 2 4 14 Robot Miss Streak 8 | . 1 8 Penetration Max . | . . . Secondary Targets . | . . . Shots Hit Robots 92 | 2 4 86 Core Hits 51 | 2 1 48 Critical Kills . | . . . Critical Parts Destroyed . | . . . Critical Strikes . | . . . Melee Attacks . | . . . Impact . | . . . Slashing . | . . . Piercing . | . . . Sneak Attacks . | . . . Combat Hostiles . | . . . Follow-up Attacks . | . . . Damage Inflicted 2350 | 24 86 2240 Guns 467 | 24 54 389 Cannons 1086 | . . 1086 Explosions 797 | . 32 765 Melee . | . . . Ramming . | . . . Kinetic 405 | 12 29 364 Thermal 1166 | 12 32 1122 Explosive 729 | . . 729 Electromagnetic 50 | . 25 25 Impact . | . . . Slashing . | . . . Piercing . | . . . Highest Corruption 1 | . . 1 Average Corruption 1 | . . 1 Corruption Purged . | . . . Corruption Blocked . | . . . Effects 9 | . . 9 Message Errors 1 | . . 1 Matter Fused 5 | . . 5 Heat Flow Errors 1 | . . 1 Data Loss (minor) 2 | . . 2 Overload Shots . | . . . Overflow Damage 27 | . . 27 Projectiles . | . . . Explosions 27 | . . 27 Melee . | . . . Knockbacks . | . . . Impact . | . . . Kinetic . | . . . Secondary . | . . . Self-Inflicted Damage 170 | . 31 139 Shots 6 | . 1 5 Rammed . | . . . Targets Rammed . | . . . Kicked . | . . . Crushed . | . . . Highest Temperature 584 | . 18 584 Average Temperature 124 | . 18 127 Received Heat Transfer 498 | . 18 480 Effects 12 | . . 12 Shutdowns 1 | . . 1 Energy Bleed 2 | . . 2 Interference 3 | . . 3 Matter Decay 3 | . . 3 Short Circuit 2 | . . 2 Damage (core) 1 | . . 1 Siege Activations . | . . . Robots Corrupted . | . . . Combat Hostiles . | . . . Parts Fried . | . . . Impact Corruptions . | . . . Robots Melted . | . . . Combat Hostiles . | . . . Parts Melted 2 | . . 2 Heat Transferred 2086 | 25 50 2011 Parts Sabotaged . | . . . Parts Stolen . | . . . Parts Stripped . | . . . Power Chain Reactions 2 | . 1 1 Alert | -11 -10 -9 ------- Run | Yrd Mat Mat Peak Influence 717 | 5 82 717 Initial 34 | . 3 34 Average 399 | 3 47 448 Maximum Alert Level 3 | . . 3 Low Security (%) 19 | 100 100 8 Level 1 18 | . . 20 Level 2 58 | . . 67 Level 3 3 | . . 3 Level 4 . | . . . Level 5 . | . . . High Security . | . . . Max Security . | . . . Squads Dispatched 4 | . . 4 Investigation 2 | . . 2 Extermination . | . . . Reinforcement 2 | . . 2 Assault . | . . . Garrison . | . . . Intercept . | . . . Searches Triggered . | . . . Construction Impeded . | . . . Haulers Reinforced . | . . . Active Scanning Responses . | . . . Cargo Convoy Interrupts . | . . . Stealth | -11 -10 -9 --------- Run | Yrd Mat Mat Distress Signals 4 | . . 4 Communications Jammed . | . . . Distress Signals . | . . . Times Spotted 53 | . 4 49 Peak Tracking Total 7 | . 3 7 Tactical Retreats 2 | . . 2 Traps | -11 -10 -9 ------- Run | Yrd Mat Mat Traps Triggered 5 | . . 5 Indirectly . | . . . Trap Hack Attempts . | . . . Triggered . | . . . Disarmed . | . . . Reprogrammed . | . . . Reused . | . . . Traps Extracted . | . . . Installed . | . . . Triggered . | . . . Machines | -11 -10 -9 ---------- Run | Yrd Mat Mat Machines Disabled 2 | . . 2 Max in Single Turn 1 | . . 1 Machines Repaired . | . . . Machines Dismantled . | . . . Machines Sabotaged . | . . . Overloaded Fab Kills . | . . . Hacking | -11 -10 -9 --------- Run | Yrd Mat Mat Machines Accessed 13 | . 4 9 Terminals 12 | . 4 8 Fabricators . | . . . Repair Stations . | . . . Recycling Units 1 | . . 1 Scanalyzers . | . . . Garrison Access . | . . . Total Hacks 46 | . 14 32 Successful 21 | . 8 13 Failed 25 | . 6 19 Catastrophic 6 | . 1 5 Database Lockouts . | . . . Manual 39 | . 12 27 Terminals 43 | . 14 29 Fabricators . | . . . Repair Stations . | . . . Recycling Units 3 | . . 3 Scanalyzers . | . . . Garrison Access . | . . . Terminal Hacks 11 | . 5 6 Prototype ID Bank 1 | . . 1 Level Access Points 1 | . 1 . Branch Access Points 2 | . 1 1 Emergency Access Points 1 | . . 1 Terminal Index 2 | . 1 1 Hauler Manifests 1 | . 1 . Registered Components 1 | . . 1 Zone Layout 2 | . 1 1 Fabricator Hacks . | . . . Repair Station Hacks . | . . . Recycling Unit Hacks 1 | . . 1 Retrieve Components 1 | . . 1 Scanalyzer . | . . . Garrison Access Hacks . | . . . Unauthorized Hacks 9 | . 3 6 Terminals 9 | . 3 6 Botnet 9 | . 3 6 Fabricators . | . . . Repair Stations . | . . . Recycling Units . | . . . Scanalyzers . | . . . Garrison Access . | . . . Data Cores Recovered . | . . . Used . | . . . Hacking Detections 12 | . 4 8 Full Trace Events 3 | . 1 2 Feedback Events . | . . . Feedback Blocked . | . . . Robot Schematics Acquired . | . . . Robots Built . | . . . Authchips . | . . . Time . | . . . Total Robot Build Rating . | . . . Part Schematics Acquired . | . . . Parts Built . | . . . Authchips . | . . . Time . | . . . Total Part Build Rating . | . . . Parts Repaired . | . . . Time . | . . . Parts Recycled . | . . . Recycled Matter . | . . . Retrieved Matter . | . . . Retrieved Components 8 | . . 8 Parts Scanalyzed . | . . . Part Schematics Acquired . | . . . Parts Damaged . | . . . Bothacking | -11 -10 -9 ------------ Run | Yrd Mat Mat Used RIF Installer . | . . . Robots Hacked . | . . . Non-combat . | . . . Combat . | . . . Robot Hacks Applied . | . . . Relay Couplers Released . | . . . Fabnet Peak Effective % . | . . . Robots Rewired . | . . . Allies Hacked . | . . . Hacks Repelled . | . . . Allies | -11 -10 -9 -------- Run | Yrd Mat Mat Total Allies . | . . . Largest Group . | . . . Highest-Rated Group . | . . . Highest-Rated Ally . | . . . Total Orders . | . . . Ally Attacks . | . . . Total Damage . | . . . Kills . | . . . Allies Corrupted . | . . . Allies Melted . | . . . Intel | -11 -10 -9 ------- Run | Yrd Mat Mat Robot Analysis Total . | . . . Derelict Logs Recovered . | . . . Drone Launches . | . . . Drone Recoveries . | . . . Exploration | -11 -10 -9 ------------- Run | Yrd Mat Mat Turns Passed 1870 | 20 205 1645 Spaces Moved 1109 | 10 151 948 Core 2 | . . 2 Treads 282 | . . 282 Legs 625 | 10 151 464 Wheels . | . . . Hover . | . . . Flight 200 | . . 200 Fastest Speed 34 | 120 120 34 Average Speed 123 | 120 120 123 Slowest Speed 350 | 120 120 350 Overloaded Moves . | . . . Propulsion Burnouts . | . . . Robots Hopped 2 | . . 2 Cave-ins Triggered . | . . . Exploration Rate (%) 44 | 2 42 90 Regions Visited 2 Branch Regions . Pre-discovered Areas . | . . . Known Exits Taken 1 | . 1 . Unknown Exits Taken 1 | 1 . . Scrap Searched . | . . . Spaces Dug 7 | . . 7 Terrain Destroyed 113 | . 5 108 Melee . | . . . Projectile 7 | . . 7 AOE 106 | . 5 101 Terrain Rammed . | . . . Walls Destroyed . | . . . Machines Disabled . | . . . Actions | -11 -10 -9 --------- Run | Yrd Mat Mat Total 1426 | 19 168 1239 Wait 145 | . 11 134 Move 1103 | 9 150 944 Hop 2 | . . 2 Pick Up 16 | 2 2 12 Fast Attach 22 | . 1 21 Attach 9 | . 1 8 Detach 5 | . . 5 Swap 12 | . . 12 Drop 22 | 7 . 15 Fire 90 | 1 3 86 Melee . | . . . Ram . | . . . Kick . | . . . Crush . | . . . Escape Stasis . | . . . Rewire . | . . . Trap . | . . . Miscellaneous . | . . . Route ------- -11/Scrapyard -10/Materials (discovered 5 exits: *Mat x3 / Min x2) -9/Materials (discovered 5 exits: [*Mat x3] / *Min x2) History --------- Turn | Location | Event 4 | -11/Scrapyard | Discovered new exit (range 3) 21 | -11/Scrapyard | Entered Materials 117 | -10/Materials | Identified exit to Mines 117 | -10/Materials | Identified exit to Materials 226 | -10/Materials | Entered another Materials area 226 | -9/Materials | Evolved 2 slots: Propulsion x1, Utility x1 309 | -9/Materials | Build established: Mutant 386 | -9/Materials | Discovered new exit (range 8) 407 | -9/Materials | Destroyed 7 combat bots 664 | -9/Materials | Discovered new exit (range 10) 1057 | -9/Materials | Core integrity fell below 50% 1365 | -9/Materials | Discovered new exit (range 10) 1375 | -9/Materials | Build established: Scavenger-Mutant 1466 | -9/Materials | Identified exit to Mines 1576 | -9/Materials | Core integrity fell below 20% 1871 | -9/Materials | Destroyed by Y-45 Defender with Heavy Assault Rifle Last Messages --------------- 01790_ Identified Imp. Flight Unit. 01792_ Dropped Lgt. Treads. 01795_ Dropped Hvy. Assault Rifle. 01797_ Acquired 18 matter. 01800_ K-01 Serf cleans the Nuclear Reactor. 01841_ Connecting with Recycling Unit... >>Retrieve(Components) Retrieving 8 components... Shield Generator Hammer Mining Laser Mining Laser Hammer Mining Laser Weight Redist. System Lgt. Treads 01841_ ALERT: Suspicious activity at Recycling Unit M001. Dispatching Investigation squad. 01841_ Acquired Weight Redist. System. 01871_ Flight Unit destroyed. Map ----- +----------------------------------------------------+ | ## "" # """??!### """"" #### | | # ""S # ??? ### """ #### | | + "" ##############"######### #### | | # ###### [ #?## #### | | ## ##???# #???? #??? | | ##+#######???# """ """ +???? ##?? | | #######???# """ """ #???? #??? | | ##????????# """ """ #???? #??? | | #########?# """ """ #????? ############ #??? | | #########?# """ """ #????? ???#??###### #?? | | ##?# #????????#?# ## # # "Y | | ########+#####???? ??????# + "" | | ### ##### #??## # * # | | ### #???# ##= !#??# | | ### ###########[[ # | | ### """"" # =/%[!+ | | """"" # # [#[[ # | | ## """"" ####### """ """ #* #?? | | ## ## # """ """ # # | | ############# ## [ # """ """ #% # ? | | ############# """"" ## # #[ #? | | ##??????????# """"" ## ! # ""T"" + + ? | | ##??????????# """"" ## # """"" # ^ #? | | ##?########?# k #?? #?######### #### | | ##?# ![ #?# #####+#??###??## """# | | ##?# ![ #?# """"" @Y ###?##??## "# | | ##?# = #?# """"" ######?#?#?## |"# | | ##?# #?# """"" ############# > ""# | | ##?# #?# # #### !"# | | ##?#! #?# # """"" ##?# # | | #######+##### Y# """"" #?## """# | | # # """"" #?### #### | | # + """"" ###?# #??# | | # Y # """"" ###?# ###? | | # ###+######+########### """"" #?#?# #### | | # # ???#|""" #?# """"" ##### #### | | # # #?#="Y" #?# #### ### | | # # [[[#?#| ! #?############# | | # # [[[#?#| / [[ #??????###??#?# | | # # [[ #?# / [[ #???##???#??### | | +##+# # #?# [ #??????????#### ### | | # ########?# #?????##?#?#####+##### | | !# ##???????# ##??####?##?# *[ # | | /|# ####################???#?#?????# | | "=|%# #########?????????????????#????# # | | ""/|# # ##??????????????##???##?# //[ = # | | "" !+ # "" ##????????????#????#?#?## //[ *%= # | | "" # # """ ##????????????##???###?## //[ ! # | | " [# + S" ##??????????????###?##??# # | | # # ! ##????????????????#???### # | +----------------------------------------------------+ Best States ------------- Heat Dissipation 38 Energy Generation 14 Energy Capacity 280 Matter Stores 300 Matter Capacity 300 Sight Range 16 Terrain Scan Range 14 Terrain Scan Density 85 Additional Mass Support 6 Evasion (%) 63 Recoil Reduction 3 Item Schematics ----------------- None Robot Schematics ------------------ None Fabricated ------------ Nothing Alien Tech Used ----------------- None Achievements -------------- None Challenges ------------ None Game ------ Seed NodeMediumClaw Manual? 0 Play Time 00:27:32 Cumulative 285.7 hours Start 2024.10.17 @ 01:33:17 End 2024.10.17 @ 01:58:59 Sessions 1 Manual Loads 0 Difficulty Rogue Special Mode None Game No. 84 Rogue 79 Adventurer 5 Explorer 0 Win Type - Total 8 Types 7/0/0/0/0/1/0/0/0 Lore% 32 Gallery% 56 Achievement% 48 Wizard Run 0 Options --------- Layout 1 ASCII 0 Keyboard 0 Movement Mouse Keybinds 0 Fullscreen 2 Font 24/Smallcaps Map View 50x35 Zoom Use 0% Tactical HUD 1 Map Filters NONE Filters NONE Steam 1 RUN: e6e2875b-c00c-442f-ac75-93536f7b73e6